AoeStats
← Cruzza

Arabia

508661303Analyzed
1v1 RM · 10d ago on Sep 23, 2026· 59m 57s· 2 players
Game mode
Random Map
Map size
Tiny (2 player)
Population
200
Speed
Normal
Resources
Standard
Victory
Conquest
Starting age
Dark Age
Ending age
Imperial Age
RankedLock teamsTeams togetherTeam positionsShared explorationLock speedFull tech treeHidden civsTurbo modeCheats
Victory
Defeat
🇪🇸 Bohemians · Spain
1064
+14
🇦🇷 Lithuanians · Argentina
1027
-14
Bautitw
8:06 Loom
10:30 Feudal Age
11:28 Double-Bit Axe
15:42 Castle Age
13:48 Horse Collar
17:42 Forging
21:27 Redemption
22:31 Pikeman
23:11 Squires
24:03 Husbandry
25:12 Scale Barding Armor
28:03 Chain Barding Armor
28:18 Iron Casting
33:46 Fervor
33:57 Sanctity
36:13 Scale Mail Armor
36:58 Atonement
39:48 Devotion
50:46 Imperial Age
48:56 Wheelbarrow
48:31 Gold Mining
49:16 Hill Forts
50:07 Town Watch
51:35 Elite Leitis
55:02 Theocracy
54:46 Block Printing
Cruzza
10:01 Feudal Age
9:32 Loom
12:17 Horse Collar
16:12 Castle Age
14:23 Double-Bit Axe
17:31 Forging
19:55 Wheelbarrow
21:12 Bow Saw
23:37 Fletching
25:41 Hand Cart
27:03 Bodkin Arrow
31:12 Pikeman
31:33 Light Cavalry
33:10 Iron Casting
32:41 Scale Barding Armor
36:32 Chain Barding Armor
42:01 Heavy Plow
47:17 Husbandry
52:05 Imperial Age
49:21 Town Watch
53:27 Conscription
53:23 Hussite Reforms
53:41 Town Patrol
54:06 Fervor
54:17 Sanctity
53:46 Halberdier
61:35 Blast Furnace
Connection lost

Rejoining the realm…

Still unreachable

The connection could not be restored.

Session expired

The server has moved on; the page needs a fresh start.